 Dungeon Crawl Stone Soup version 0.23.2-1-ga50397a (webtiles) character file.

Game seed: 16079060312533528750

221 Borgoz the Slasher (level 5, -2/67 HPs)
             Began as a Minotaur Berserker on May 26, 2019.
             Was a Priest of Trog.
             Slain by an orc
             ... wielding a +0 trident
              (5 damage)
             ... on level 3 of the Dungeon.
             The game lasted 00:02:29 (2533 turns).

Borgoz the Slasher (Minotaur Berserker)             Turns: 2533, Time: 00:02:30

Health: -2/67      AC:  9    Str: 31    XL:     5   Next: 65%
Magic:  4/4        EV: 12    Int:  4    God:    Trog [***...]
Gold:   122        SH:  0    Dex: 11    Spells: 4/4 levels left

rFire    . . .     SeeInvis .   a - +0 falchion
rCold    . . .     Gourm    .   (no shield)
rNeg     . . .     Faith    .   s - +0 ring mail
rPois    .         Spirit   .   (helmet restricted)
rElec    .         Reflect  .   (no cloak)
rCorr    .         Harm     .   (no gloves)
MR       .....                  (no boots)
Stlth    ..........             (no amulet)
HPRegen  0.21/turn              n - +5 ring of strength
MPRegen  0.09/turn              t - +4 ring of protection

@: berserking (expiring), lethally poisoned (-2 -> -5), very quick
A: retaliatory headbutt, horns 2
a: Berserk, Trog's Hand, Renounce Religion


You were on level 3 of the Dungeon.
You worshipped Trog.
Trog was most pleased with you.
You were not hungry.

You visited 1 branch of the dungeon, and saw 3 of its levels.

You collected 122 gold pieces.

Inventory:

Hand Weapons
 a - a +0 falchion (weapon)
Armour
 s - a +0 ring mail (worn)
Jewellery
 n - a +5 ring of strength (left hand)
 o - an uncursed ring of poison resistance {unknown}
 t - a +4 ring of protection (right hand)
Wands
 q - a wand of acid (2)
Scrolls
 d - 4 scrolls of remove curse {unknown}
 e - a scroll of amnesia {unknown}
 h - 2 scrolls of random uselessness {unknown}
 i - a scroll of immolation {unknown}
 k - 2 scrolls of teleportation {unknown}
 l - 8 scrolls of identify {unknown}
 p - a scroll of magic mapping {unknown}
 u - a scroll of fear {unknown}
Potions
 b - a potion of berserk rage
 f - a potion of resistance {unknown}
 g - a potion of cancellation {unknown}
 j - 2 potions of heal wounds {unknown}
 m - a potion of lignification {unknown}
 r - a potion of curing {unknown}
 v - a potion of degeneration {unknown}
Comestibles
 c - 5 rations


   Skills:
 - Level 3.6 Fighting
 * Level 6.1 Long Blades
 + Level 4.1 Armour
 + Level 3.6 Dodging


You had 4 spell levels left.
You didn't know any spells.
Your spell library was empty.

Dungeon Overview and Level Annotations

Branches:
Dungeon (3/15)

Altars:


Innate Abilities, Weirdness & Mutations

You reflexively headbutt those who attack you in melee.
You have a pair of horns on your head.


Message History

You feel yourself moving faster!
You feel mighty!
You feel sick. The orc barely misses you.
The orc priest looks braver for a moment.
You barely miss the orc priest.
The orc priest is heavily wounded.
The orc hits you from afar with a +0 trident.
* * * LOW HITPOINT WARNING * * *
The orc priest closely misses you. You furiously retaliate!
You headbutt the orc priest!
You kill the orc priest!
Trog accepts your kill.
Your Long Blades skill increases to level 6!
* * * LOW HITPOINT WARNING * * *
You feel sick.
Items here: ) [ †† a +0 war axe; a +0 leather armour; an orc corpse; an adder corpse You closely miss the orc.
You headbutt the orc.
The orc is severely wounded.
The orc hits you with a +0 trident.
You die...

...............................+.
.##..###.##############.########.
.##..# #.########### #)# #.
÷##..###...........####.# ##
.##..................[..# ##
.##...############...##.# #.
÷##...# #...#...##.########.
......# #...#...#[.......##.
.###.... +.o@'..)#........##. .#
##.## #..)##..#........##. .. ..#
#...##..#........##. .# ###
######..##'########. .#
#..##........'. .#
###########..##.########. >.
.............##.########' ###
########..#.###.##....... ##.#
##.#.# #.##......^


You could see an orc.

Vanquished Creatures
  3 orc priests (D:3)
  A worker ant (D:3)
  4 adders
  A worm (D:2)
  2 dart slugs
  A leopard gecko (D:1)
  9 orcs (D:3)
  2 giant cockroaches
  2 goblins
  7 hobgoblins
  7 jackals
  2 quokkas (D:2)
  6 bats
  5 frilled lizards
  5 kobolds
  6 rats
63 creatures vanquished.

Notes
Turn   | Place    | Note
-------+----------+-------------------------------------------
     0 | D:1      | Borgoz the Minotaur Berserker began the quest for the Orb.
     0 | D:1      | Reached XP level 1. HP: 19/19 MP: 0/0
   250 | D:1      | Reached skill level 4 in Long Blades
   251 | D:1      | Reached XP level 2. HP: 24/26 MP: 1/1
   643 | D:2      | Reached XP level 3. HP: 28/31 MP: 2/2
   735 | D:2      | Reached ** piety under Trog
  1566 | D:3      | Reached XP level 4. HP: 35/39 MP: 3/3
  1579 | D:3      | Reached skill level 5 in Long Blades
  2049 | D:3      | Reached XP level 5. HP: 15/45 MP: 4/4
  2525 | D:3      | Reached *** piety under Trog
  2531 | D:3      | HP: 3/67 [orc/+0 trident (4)]
  2531 | D:3      | Reached skill level 6 in Long Blades
  2533 | D:3      | Slain by an orc

Skill      XL: |  1  2  3  4  5 |
---------------+----------------+-----
Long Blades    | 4 5 6 |  6.1
Armour         | 3 4 |  4.1
Dodging        | 3 |  3.6
Fighting       | |  3.6

Action                   |  1- 3 |  4- 6 || total
-------------------------+-------+-------++-------
Melee: Falchion          |    51 |    56 ||   107
       Headbutt          |     8 |    21 ||    29
  Use: Potion            |       |     1 ||     1
 Stab: Sleeping          |     3 |       ||     3
  Eat: Chunk             |     2 |     3 ||     5
Armor: Animal skin       |     2 |       ||     2
       Ring mail         |     7 |    12 ||    19
Dodge: Dodged            |    35 |    29 ||    64
       Rpst.: Falchion   |     9 |     8 ||    17
